 Dungeon Crawl Stone Soup version 0.29.1-1-gd02db69 (webtiles) character file.

Game seed: 9947190153843849738

518 Kel the Chopper (level 7, -2/61 HPs)
             Began as a Gargoyle Berserker on Nov 26, 2022.
             Was a Priest of Trog.
             Slain by Sigmund
             ... wielding a +0 scythe
              (15 damage)
             ... on level 4 of the Dungeon.
             The game lasted 00:09:13 (3991 turns).

Kel the Chopper (Gargoyle Berserker)                Turns: 3991, Time: 00:09:14

Health: -2/61      AC: 15    Str: 22    XL:     7   Next: 21%
Magic:  7/7        EV:  8    Int:  8    God:    Trog [***...]
Gold:   136        SH:  0    Dex:  9    Spells: 6/6 levels left

rFire   . . .      SeeInvis .   r - +0 war axe (vorpal)
rCold   . . .      Faith    .   (no shield)
rNeg    + + .      Spirit   .   n - +0 chain mail
rPois   ∞          Reflect  .   e - +2 hat
rElec   +          Harm     .   (no cloak)
rCorr   .          Rampage  .   (no gloves)
Will    .....                   (no boots)
Stlth   ..........              (no amulet)
HPRegen 0.20/turn               m - ring of positive energy
MPRegen 0.10/turn               (no ring)

@: berserking (expiring), very quick
A: sickness immunity, AC +4, negative energy resistance 1, electricity
resistance, torment resistance 1, petrification resistance
a: Renounce Religion, Berserk, Trog's Hand


You were on level 4 of the Dungeon.
You worshipped Trog.
Trog was most pleased with you.
You visited 1 branch of the dungeon, and saw 4 of its levels.

You collected 136 gold pieces.

Inventory:

Hand Weapons
 r - a +0 vorpal war axe (weapon)
Armour
 e - a +2 hat (worn)
 n - a +0 chain mail (worn)
Jewellery
 m - a ring of positive energy (left hand)
Wands
 o - a wand of roots (8)
Scrolls
 a - a scroll of magic mapping {unknown}
 d - 5 scrolls of identify {unknown}
 f - a scroll of amnesia {unknown}
 h - a scroll of silence {unknown}
 i - a scroll of enchant armour {unknown}
 j - 2 scrolls of fear {unknown}
Potions
 b - a potion of ambrosia {unknown}
 c - 2 potions of curing {unknown}
 g - 2 potions of mutation {unknown}
 k - a potion of heal wounds {unknown}
 l - a potion of resistance {unknown}
 p - a potion of attraction {unknown}


   Skills:
 - Level 3.2 Fighting
 + Level 7.3 Axes
 - Level 2.1 Armour
 - Level 1.5 Dodging


You had 6 spell levels left.
You didn't know any spells.
Your spell library was empty.

Dungeon Overview and Level Annotations

Branches:
Dungeon (4/15)             Temple (0/1) D:4

Altars:
Fedhas
Sif Muna
Uskayaw

Shops:
D:3 (

Annotations:
D:4 Sigmund


Innate Abilities, Weirdness & Mutations

You are immune to sickness and miasma.
Your stone body is resilient. (AC +4)
You are immune to poison.
You resist negative energy. (rN+)
You are resistant to electric shocks. (rElec)
You are resistant to unholy torment.
You are immune to petrification.


Message History

You kill the endoplasm!
Trog accepts your kill.
No target in view!
You open the door.
Found a leather armour.
There is an open door here.
You see here 5 stones.
Sigmund the Dreaded comes into view.
He is wielding a +0 scythe and carrying a wand of roots (8).
Sigmund shouts!
Sigmund gestures at you while chanting.
The magic dart hits you but does no damage.
Sigmund casts a spell.
Sigmund flickers and vanishes!
Deactivating autopickup; reactivate with Ctrl-A.
No target in view!
You hear a zap.
The roots erupt in riotous growth!
The grasping roots grab you!
You are constricted.
You slash something!
You are constricted.
Something hits you.
You are constricted.
The grasping roots release their grip on you.
You completely miss something. You barely miss something.
You hear some strange, mumbled words.
Something tries to affect you, but you resist.
You miss something. Something hits you!
A red film seems to cover your vision as you go berserk!
You feel yourself moving faster!
You feel mighty! Something hits you!
* * * LOW HITPOINT WARNING * * *
You closely miss something. You miss something.
Something hits you but does no damage.
You hit something. You miss something. Something hits you.
* * * LOW HITPOINT WARNING * * *
You miss something. You miss something. Something hits you but does no damage.
You miss something. You barely miss something. Something hits you!
You die...

+........###.... #.
#..............# #.
#####...........
#####.##### ##..........
#.........####..........
#.......................
#.......................
#...................##..
####.@.#........(.##..
#....{.............##..
#..................##..
#..................##..
#..............######..
##...#########.........
#... #........# #...
#........# #........#


There were no monsters in sight!

Vanquished Creatures
  The ghost of Kel the Trooper, an amateur GrFi (D:3)
  A scorpion (D:4)
  A hound (D:4)
  A jelly (D:4)
  An iguana (D:3)
  2 orc wizards (D:4)
  3 gnolls (D:4)
  7 adders
  An ufetubus (D:4)
  2 worms (D:4)
  2 dart slugs
  14 orcs
  5 ball pythons
  8 bats
  7 endoplasms
  5 giant cockroaches
  9 goblins
  3 hobgoblins
  8 jackals
  4 kobolds
  3 quokkas
  4 frilled lizards (D:1)
  2 rats (D:1)
94 creatures vanquished.

Notes
Turn   | Place    | Note
-------+----------+-------------------------------------------
     0 | D:1      | Kel the Gargoyle Berserker began the quest for the Orb.
     0 | D:1      | Reached XP level 1. HP: 14/14 MP: 1/1
    47 | D:1      | Reached skill level 3 in Axes
    61 | D:1      | Reached XP level 2. HP: 12/19 MP: 2/2
   315 | D:1      | Found a faded altar of an unknown god.
   445 | D:1      | Reached XP level 3. HP: 16/23 MP: 3/3
  1006 | D:1      | Reached ** piety under Trog
  1112 | D:2      | Reached skill level 4 in Axes
  1726 | D:2      | Reached XP level 4. HP: 28/28 MP: 4/4
  2109 | D:3      | Found Gearch's Antique Weapon Shop.
  2126 | D:3      | Found a runed translucent door.
  2130 | D:3      | Noticed Kel's ghost (amateur GrFi)
  2157 | D:3      | Found a hide-covered altar of Uskayaw.
  2158 | D:3      | Found a blossoming altar of Fedhas.
  2415 | D:3      | Reached skill level 5 in Axes
  2415 | D:3      | Reached XP level 5. HP: 24/32 MP: 5/5
  2662 | D:3      | Found a shimmering blue altar of Sif Muna.
  2866 | D:3      | Killed Kel's ghost
  2867 | D:3      | Reached skill level 6 in Axes
  2867 | D:3      | Reached XP level 6. HP: 9/37 MP: 6/6
  3374 | D:4      | Identified the +3 spear "Death Rattle" {elec, Str+3}
  3645 | D:4      | Reached *** piety under Trog
  3745 | D:4      | Reached skill level 7 in Axes
  3745 | D:4      | Reached XP level 7. HP: 36/41 MP: 7/7
  3854 | D:4      | Found a staircase to the Ecumenical Temple.
  3974 | D:4      | Noticed Sigmund
  3991 | D:4      | Slain by Sigmund

Illustrated notes

Levels and vault maps discovered:
D:1:      amcnicky_arrival_underground_garden, layout_basic,
          nicolae_ecumenical_lake_church
D:2:      layout_loops_corners, serial_glass, glass_columns_c, glass_columns_c,
          minmay_misc_feat_hallway
D:3:      layout_loops_cross, grunt_temple_overflow_open, lemuel_crystal_altar,
          ebering_ghost_sewer_d, serial_shops, shop_statue, grunt_ministairs_3
D:4:      layout_basic, nicolae_overflow_hidden_temple,
          minmay_temple_entry_junction_2, uniq_sigmund

Skill      XL: |  1  2  3  4  5  6 |
---------------+-------------------+-----
Axes           | 3 4 5 6 7 |  7.3
Fighting       | |  3.2
Armour         | |  2.1
Dodging        | |  1.5

Action                   |  1- 3 |  4- 6 |  7- 9 || total
-------------------------+-------+-------+-------++-------
Melee: Hand axe          |   145 |   119 |       ||   264
       Punch             |     3 |     1 |       ||     4
       Spear             |       |    26 |       ||    26
       War axe           |       |     7 |    39 ||    46
Invok: Berserk           |       |     2 |     1 ||     3
Armor: Animal skin       |    45 |       |       ||    45
       Ring mail         |    36 |    15 |       ||    51
       Chain mail        |       |    75 |    29 ||   104
Dodge: Dodged            |   113 |    64 |    16 ||   193
